 Dungeon Crawl Stone Soup version bcrawl-1.21.2-28-g2cb1824106 (webtiles) character file.

Game seed: 2794749886983760309

41 Azymorath the Poker (level 3, -2/23 HPs)
             Began as a Skeleton Monk on Mar 14, 2020.
             Slain by a worker ant (4 damage)
             ... on level 2 of the Dungeon.
             The game lasted 00:03:52 (977 turns).

Azymorath the Poker (Skeleton Monk)                  Turns: 977, Time: 00:03:52

Health: -2/23      AC:  4    Str: 16 (17) XL:     3   Next: 32%
Magic:  0/5        EV: 12    Int:  9      God:
Gold:   88         SH:  0    Dex: 10 (11) Spells: 5/5 levels left

rFire    . . .     SeeInvis .   a - +0 spear
rCold    + . .     Gourm    .   (no shield)
rNeg     + + +     Faith    .   b - +0 robe
rPois    ∞         Spirit   +   c - +0 hat
rElec    .         Reflect  .   (no cloak)
rCorr    +         Harm     .   h - +0 pair of gloves
MR       .....                  f - +0 pair of boots
Stlth    ++........             d - amulet of magic regeneration
HPRegen  0.07/turn              (no ring)
MPRegen  0.34/turn              j - ring of resist corrosion

@: no status effects
A: no food or potions, cold resistance 1, deterioration 1, negative energy
resistance 3, torment resistance, unbreathing, magic shield, sturdy frame 1,
spell healing
a: no special abilities


You were on level 2 of the Dungeon.
You were not hungry.

You visited 1 branch of the dungeon, and saw 2 of its levels.

You collected 88 gold pieces.

Inventory:

Hand Weapons
 a - a +0 spear (weapon)
Armour
 b - a +0 robe (worn)
 c - a +0 hat (worn)
 f - a +0 pair of boots (worn)
 h - a +0 pair of gloves (worn)
Magical Staves
 n - an uncursed staff of death
Jewellery
 d - an amulet of magic regeneration (around neck)
 j - a ring of resist corrosion (right hand)
Scrolls
 e - a scroll of identify {unknown}
 i - a scroll of blinking {unknown}
 k - a scroll of fear {unknown}
 l - a scroll of amnesia {unknown}
 m - a scroll of immolation {unknown}


   Skills:
 + Level 3.3 Fighting
 * Level 4.4 Polearms
 + Level 1.2 Armour
 - Level 3.0 Dodging
 - Level 2.4 Stealth
 + Level 1.6 Spellcasting
   Level 1.7 Invocations


You had 5 spell levels left.
You didn't know any spells.
Your spell library was empty.

Dungeon Overview and Level Annotations

Branches:
Dungeon (2/12)

Altars:


Innate Abilities, Weirdness & Mutations

You do not eat or drink.
You are immune to poison.
Your flesh is cold resistant. (rC+)
Your body sometimes deteriorates upon taking damage.
You are immune to negative energy. (rN+++)
You are immune to unholy pain and torment.
You can survive without breathing.
When hurt, damage is shared between your health and your magic reserves.
Your movements are slightly less encumbered by armour. (ER -2)
Casting spells heals you.


Message History

The worker ant bites you.
* * * LOW HITPOINT WARNING * * *
The worker ant bites you.
* * * LOW HITPOINT WARNING * * *
You closely miss the worker ant.
The worker ant is almost dead.
The worker ant bites you.
* * * LOW HITPOINT WARNING * * *
You barely miss the worker ant.
The worker ant is almost dead.
The worker ant misses you.
The worker ant bites you but does no damage.
You hit the worker ant but do no damage.
The worker ant is almost dead.
The worker ant bites you.
* * * LOW HITPOINT WARNING * * *
The worker ant closely misses you.
You see here an uncursed ring of positive energy.
The worker ant bites you.
You die...

#.#.#.#.### #.# #.#
..........# #.# ########.#
#.###.....###.# .........#
#............!# ########K#
#####.....##### #.#
#####.....# ###########.#
........###
#.K.........######
###...###
#a########........ ##.###
#@# #....#######
##..(###########.#####.####
..###..................#
.## ##.###.############# ##
##.##.# # #....# ## ##.####
.## ##.## #.###.##


You could see a worker ant and a kobold.

Vanquished Creatures
  A worker ant (D:2)
  3 bats (D:1)
  A giant cockroach (D:2)
  2 hobgoblins (D:1)
  3 jackals (D:2)
  2 frilled lizards (D:1)
  2 goblins (D:2)
  2 kobolds (D:2)
  A rat (D:1)
17 creatures vanquished.

Notes
Turn   | Place    | Note
-------+----------+-------------------------------------------
     0 | D:1      | Azymorath the Skeleton Monk began the quest for the Orb.
     0 | D:1      | Reached XP level 1. HP: 14/14 MP: 2/2
   267 | D:1      | Reached XP level 2. HP: 19/19 MP: 3/3
   488 | D:2      | Reached skill level 4 in Polearms
   507 | D:2      | Reached skill level 1 in Armour
   507 | D:2      | Reached skill level 1 in Spellcasting
   507 | D:2      | Reached XP level 3. HP: 2/23 MP: 2/5
   961 | D:2      | HP: 1/23 [worker ant (1)]
   971 | D:2      | HP: 1/23 [worker ant (1)]
   977 | D:2      | Slain by a worker ant

Skill      XL: |  1  2 |
---------------+-------+-----
Polearms       | 4 |  4.4
Armour         | 1 |  1.2
Spellcasting   | 1 |  1.6
Fighting       | |  3.3
Dodging        | |  3.0
Stealth        | |  2.4
Invocations    | |  1.7

Action                   || total
-------------------------++-------
Melee: Spear             ||    92
 Stab: Sleeping          ||     3
Armor: Robe              ||    32
Dodge: Dodged            ||    51
